 Dungeon Crawl Stone Soup version 0.29-a0-299-g4c793a2ed2 (webtiles) character file.

Game seed: 17033781985839720885

125834 Ijustatesigmund the Warrior (level 16, -18/108 HPs)
             Began as a Gargoyle Fighter on Mar 24, 2022.
             Was the Champion of Cheibriados.
             Demolished by a titan simulacrum (20 damage)
             ... on level 3 of the Abyss.
             The game lasted 01:00:30 (34608 turns).

Ijustatesigmund the Warrior (Gargoyle Fighter)     Turns: 34608, Time: 01:00:31

Health: -18/108    AC: 28    Str: 37    XL:     16   Next: 97%
Magic:  21/26      EV: 25    Int: 32    God:    Cheibriados [******]
Gold:   2526       SH:  7    Dex: 24    Spells: 9/18 levels left

rFire   . . .      SeeInvis .   a - +6 flail
rCold   + . .      Faith    .   c - +0 buckler {reflect}
rNeg    + . .      Spirit   .   b - +1 ring mail {rC+}
rPois   ∞          Reflect  +   z - +1 helmet
rElec   +          Harm     .   y - +1 cloak {Stlth+}
rCorr   +          Rampage  .   (no gloves)
Will    +....                   R - +2 pair of boots
Stlth   ++........              j - amulet of the acrobat
HPRegen 0.28/turn               B - +4 ring of evasion
MPRegen 0.20/turn               C - ring of resist corrosion

@: flying, studying 2 skills, very slow
A: sickness immunity, AC +12, big wings, negative energy resistance 1,
electricity resistance, torment resistance 1, petrification resistance, hooves
1, clever 1, subdued magic 1
a: Renounce Religion, Bend Time, Temporal Distortion, Slouch, Step From Time


You were on level 3 of the Abyss.
You worshipped Cheibriados.
Cheibriados was exalted by your worship.
You visited 4 branches of the dungeon, and saw 24 of its levels.
You visited the Abyss 1 time.
You also visited: Ossuary.

You collected 2526 gold pieces.

Inventory:

Hand Weapons
 a - a +6 flail (weapon)
 n - a +7 mace
Missiles
 k - a throwing net (quivered)
Armour
 b - a +1 ring mail of cold resistance (worn)
 c - a +0 buckler of reflection (worn)
 y - a +1 cloak of stealth (worn)
 z - a +1 helmet (worn)
 R - a +2 pair of boots (worn)
Jewellery
 j - an amulet of the acrobat (around neck)
 B - a +4 ring of evasion (left hand)
 C - a ring of resist corrosion (right hand)
 H - a ring of protection from fire
 K - a ring of wizardry
 L - a +6 ring of dexterity
 O - a ring of positive energy
 P - a ring of ice
Wands
 h - a wand of polymorph (19)
 q - a wand of iceblast (5)
 s - a wand of digging (14)
 u - a wand of acid (12)
 x - a wand of paralysis (6)
 E - a wand of mindburst (6)
 I - a wand of flame (5)
 N - a wand of charming (4)
Scrolls
 d - 6 scrolls of fear
 i - 11 scrolls of teleportation
 p - a scroll of holy word
 t - a scroll of silence
 A - 7 scrolls of identify
 D - 4 scrolls of amnesia
 F - 2 scrolls of blinking
 J - a scroll of fog
 M - a scroll of magic mapping
Potions
 e - 4 potions of mutation
 g - 9 potions of lignification
 l - 2 potions of heal wounds
 m - 11 potions of curing
 o - 4 potions of brilliance
 r - a potion of berserk rage
 v - 2 potions of magic
 w - 2 potions of attraction
 G - 8 potions of ambrosia
 Q - a potion of invisibility


   Skills:
 - Level 15.6 Fighting
 - Level 15.3 Maces & Flails
 + Level 9.5 Armour
 - Level 12.0 Dodging
 - Level 7.1 Shields
 + Level 1.8 Spellcasting
 * Level 5.8 Necromancy
 - Level 4.6 Translocations
 - Level 2.6 Transmutations
 + Level 5.8 Earth Magic
 + Level 13.7 Invocations
 - Level 2.0 Evocations


You had 9 spell levels left.
You knew the following spells:

 Your Spells              Type           Power      Damage    Failure   Level
a - Blink                 Tloc           50%        N/A       1%          2
b - Wereblood             Tmut           15%        N/A       4%          2
c - Borgnjor's Vile Clut  Necr/Erth      15%        N/A       24%         5

Your spell library contained the following spells:

 Spells                   Type           Power      Damage    Failure   Level
 Gell's Gravitas          Tloc           25%        N/A       3%          3
 Teleport Other           Tloc           25%        N/A       3%          3
 Stone Arrow              Conj/Erth      32%        3d9       9%          3
 Animate Dead             Necr           15%        N/A       9%          4
 Foxfire                  Conj/Fire      8%         2x1d4     10%         1
 Summon Small Mammal      Summ           8%         N/A       10%         1
 Scorch                   Fire           4%         2d5       14%         2
 Searing Ray              Conj           4%         2d4       14%         2
 Ignite Poison            Fire/Tmut/Pois 6%         N/A       21%         3
 Conjure Flame            Conj/Fire      2%         6-21      30%         3
 Inner Flame              Hex/Fire       2%         N/A       30%         3
 Mephitic Cloud           Conj/Pois/Air  2%         N/A       30%         3
 Animate Armour           Summ/Erth      32%        N/A       30%         4
 Manifold Assault         Tloc           25%        N/A       38%         5
 Cause Fear               Hex            1%         N/A       71%         4
 Flame Wave               Conj/Fire      2%         2d4       71%         4
 Summon Ice Beast         Ice/Summ       2%         N/A       71%         4
 Death Channel            Necr           15%        N/A       82%         6
 Dispersal                Tloc           12%        N/A       93%         6
 Freezing Cloud           Conj/Ice/Air   1%         6-21      96%         5
 Summon Cactus Giant      Summ           1%         N/A       100%        6
 Dragon Form              Tmut           7%         N/A       100%        7
 Malign Gateway           Summ/Tloc      6%         N/A       100%        7
 Storm Form               Tmut/Air       4%         N/A       100%        7
 Summon Hydra             Summ           1%         N/A       100%        7
 Lehudib's Crystal Spear  Conj/Erth      8%         10d3      100%        8
 Dragon's Call            Summ           1%         N/A       100%        9
 Sublimation of Blood     Necr           Unusable   N/A       N/A         2

Dungeon Overview and Level Annotations

Branches:
Dungeon (15/15)            Temple (1/1) D:4            Lair (6/6) D:10
  Swamp (0/4) Lair:2        Snake (0/4) Lair:4        Slime (0/5) Lair:5
    Orc (2/2) D:9             Elf (0/3) Orc:2        Vaults (0/5) D:14
 Depths (0/4) D:15        Ossuary (visited)

Altars:
Cheibriados
Elyvilon
Fedhas
Gozag
Kikubaaqudgha
Makhleb
Sif Muna
Vehumet
Wu Jian
Yredelemnul
Zin
Beogh
Jiyva

Shops:
Orc:2 ([*

Annotations:
D:4 1 runed translucent door, einarkeyser's ghost, amateur DsGl
D:15 Louise


Innate Abilities, Weirdness & Mutations

You are immune to sickness and miasma.
Your stone body is resilient. (AC +12)
You are immune to poison.
Your large and strong wings let you fly.
You resist negative energy. (rN+)
You are resistant to electric shocks. (rElec)
You are resistant to unholy torment.
You are immune to petrification.
You have large cloven feet.
Your mind is acute. (Int +2)
Your spells are a little easier to cast, but a little less powerful.


Message History

No target in view!
No target in view!
No target in view!
No target in view!
No target in view!
No target in view!
No target in view!
No target in view!
No target in view!
No target in view!
No target in view!
A titan simulacrum comes into view.
You hit the titan simulacrum.
The titan simulacrum is lightly damaged.
The titan simulacrum hits you! The titan simulacrum freezes you!! You resist.
* * * LOW HITPOINT WARNING * * *
You are too injured to fight recklessly!
You are too injured to fight recklessly!
You are too injured to fight recklessly!
You are too injured to fight recklessly!
You are too injured to fight recklessly!
You are too injured to fight recklessly!
You are too injured to fight recklessly!
You are too injured to fight recklessly!
You are too injured to fight recklessly!
You are too injured to fight recklessly!
You are too injured to fight recklessly!
You are too injured to fight recklessly!
You are too injured to fight recklessly!
You are too injured to fight recklessly!
Activating: Slouch (0% risk of failure)
Press: ? - help, Dir - look around, f - activate You can feel time thicken for a moment.
The titan simulacrum hits you but does no damage.
You sock the titan simulacrum!
The titan simulacrum is heavily damaged.
The titan simulacrum hits you!!
* * * LOW HITPOINT WARNING * * *
The titan simulacrum freezes you!! You resist.
You die...

#.†#†# # ##..# ###
#### # #...#..#.....
. ##..###..##.#..
..#.#..#..#..... .
........#....... ..
. ....###...##..#
.....
####.....#.#.#......
# ...#..#..@..# .#
#. ...#..##Z.# .
##..#.... #.#. ##
###...##. ... . ##.#
#.# # .# ..# #. ...
#.


You could see a titan simulacrum.

Vanquished Creatures
  A shadow dragon (D:14)
  A frost giant (D:14)
  An orc warlord (Orc:2)
  A war gargoyle (D:14)
  Josephine (D:12)
  An ice dragon (Lair:6)
  5 boulder beetles
  A vault guard (D:14)
  7 hydras
  An ogre mage (D:14)
  A catoblepas (Lair:5)
  A death knight (D:14)
  Erica (D:8)
  5 centaur warriors
  9 two-headed ogres
  3 tengu warriors
  12 death yaks
  Urug (D:12)
  2 orc high priests
  A fire crab (Lair:6)
  4 skeletal warriors (D:14)
  A harpy (shapeshifter) (D:13)
  3 wizards
  2 lindwurms (Lair:6)
  3 deep elf pyromancers (D:14)
  4 necromancers
  A phantasmal warrior (D:14)
  Pikel (D:4)
  6 orc knights
  4 orc sorcerers
  5 ugly things
  10 cyclopes
  4 black mambas
  A centaur zombie (D:15)
  6 torpor snails
  2 naga magi (D:15)
  7 cane toads
  A large abomination (Abyss:3)
  3 centaur skeletons (D:15)
  Psyche (D:8)
  A rime drake (shapeshifter) (D:13)
  6 rime drakes
  9 komodo dragons
  8 starcursed masses (Abyss:3)
  2 unseen horrors
  A yaktaur (shapeshifter) (D:15)
  4 kobold demonologists
  2 tengu conjurers (D:14)
  11 polar bears
  6 meliai
  9 trolls
  3 tyrant leeches (Lair:6)
  A queen bee (D:13)
  7 hornets
  Grinder (D:4)
  7 raiju
  8 dream sheep
  10 slime creatures
  20 blink frogs
  7 wraiths
  2 shadows
  A centaur simulacrum (D:15)
  2 vampires
  A yak (shapeshifter) (D:15)
  4 wyverns
  4 basilisks
  82 yaks
  18 humans (D:14)
  Eustachio (D:5)
  4 steam dragons
  8 vampire mosquitoes
  Menkaure (D:7)
  14 wargs
  2 acid dragons
  3 nagas (Lair:4)
  14 hell hounds (Lair:6)
  16 water moccasins
  2 sky beasts
  29 orc warriors
  14 black bears
  2 ice beasts (D:6)
  10 centaurs
  21 wolves
  15 ogres
  A centaur (shapeshifter) (D:13)
  A phantom (D:4)
  5 kobold brigands
  12 bullfrogs
  Blork the orc (D:4)
  4 necrophages (D:12)
  4 gnoll sergeants
  2 scorpions
  12 wights
  25 killer bees
  2 small abominations (Abyss:3)
  2 electric eels
  5 howler monkeys
  2 human zombies (Ossuary)
  5 hounds
  11 orc priests
  2 jellies
  2 gnoll shamans
  7 iguanas
  Natasha (thrice) (D:4)
  27 orc wizards
  2 mummies (Ossuary)
  23 gnolls
  12 adders
  A river rat (D:4)
  A shadow imp (D:6)
  A white imp (D:5)
  An ufetubus (D:6)
  An adder zombie (Ossuary)
  5 worms
  4 dart slugs
  55 orcs
  7 ball pythons
  6 endoplasms
  4 giant cockroaches
  9 goblins
  9 hobgoblins
  4 jackals (D:1)
  3 quokkas
  A bat (D:1)
  2 frilled lizards
  3 goblin zombies (Ossuary)
  10 hobgoblin zombies (Ossuary)
  A jackal zombie (Ossuary)
  25 kobolds
  8 kobold zombies (Ossuary)
  10 orc zombies (Ossuary)
  7 rats
  2 rat zombies (Ossuary)
870 creatures vanquished.

Vanquished Creatures (others)
  A deep elf pyromancer (D:14)
  A wizard (D:15)
  2 orc wizards
  3 bushes
  42 fungi
  93 plants
142 creatures vanquished.

Grand Total: 1012 creatures vanquished

Notes
Turn   | Place    | Note
-------+----------+-------------------------------------------
     0 | D:1      | Ijustatesigmund the Gargoyle Fighter began the quest for
                  | the Orb.
     0 | D:1      | Reached XP level 1. HP: 14/14 MP: 1/1
   105 | D:1      | Reached XP level 2. HP: 17/19 MP: 2/2
   448 | D:1      | Reached XP level 3. HP: 19/24 MP: 3/3
   563 | D:1      | Found a faded altar of an unknown god.
   834 | D:2      | Found a radiant altar of Vehumet.
  1365 | D:2      | Reached XP level 4. HP: 29/29 MP: 4/4
  2064 | D:3      | Found a blossoming altar of Fedhas.
  2213 | D:3      | Gained mutation: Your spells are a little easier to cast,
                  | but a little less powerful. [potion of mutation]
  2213 | D:3      | Gained mutation: You have large cloven feet. [potion of
                  | mutation]
  2213 | D:3      | Gained mutation: Your mind is acute. (Int +2) [potion of
                  | mutation]
  2292 | D:3      | Reached XP level 5. HP: 32/34 MP: 5/5
  2342 | D:3      | Learned a level 2 spell: Blink
  2977 | D:4      | Noticed an ogre
  2984 | D:4      | Killed an ogre
  2985 | D:4      | Reached skill level 1 in Translocations
  2985 | D:4      | Reached XP level 6. HP: 39/39 MP: 6/6
  3029 | D:4      | Reached skill level 5 in Maces & Flails
  3051 | D:4      | Reached skill level 5 in Fighting
  3075 | D:4      | Reached XP level 7. HP: 17/44 MP: 7/7
  3668 | D:4      | Noticed Grinder
  3676 | D:4      | Paralysed by Grinder for 5 turns
  3686 | D:4      | Paralysed by Grinder for 7 turns
  3694 | D:4      | Killed Grinder
  3811 | D:4      | Noticed Blork the orc
  3819 | D:4      | Killed Blork the orc
  3820 | D:4      | Reached XP level 8. HP: 44/51 MP: 8/8
  3822 | D:4      | Noticed Pikel
  3837 | D:4      | Killed Pikel
  3978 | D:4      | Found a staircase to the Ecumenical Temple.
  4551 | D:4      | Got Sif Muna's Incunabulum of Hurtful Companions
  4557 | D:4      | Noticed Natasha
  4563 | D:4      | Killed Natasha
  4584 | D:4      | Reached XP level 9. HP: 41/57 MP: 9/9
  4820 | D:4      | Found a runed translucent door.
  4820 | D:4      | Noticed einarkeyser's ghost (amateur DsGl)
  5012 | D:4      | Noticed Natasha
  5018 | D:4      | Killed Natasha
  5053 | D:4      | Noticed Natasha
  5059 | D:4      | Killed Natasha
  5183 | D:5      | Entered Level 5 of the Dungeon
  5402 | D:5      | Noticed Eustachio
  5426 | D:5      | Killed Eustachio
  5605 | D:5      | Identified a scroll of acquirement
  5605 | D:5      | Acquired a manual of Dodging
  5647 | D:5      | Reached skill level 1 in Dodging
  6600 | D:6      | Reached XP level 10. HP: 65/65 MP: 10/10
  6744 | D:6      | Found an ancient bone altar of Kikubaaqudgha.
  6746 | D:6      | Found a radiant altar of Vehumet.
  6759 | D:6      | Found a shimmering blue altar of Sif Muna.
  6764 | D:6      | Got Sif Muna's Collected Works on Companions
  6892 | D:6      | Noticed Maggie
  6893 | D:6      | Noticed Maggie
  6893 | D:6      | Maggie changed into Maggie the worm
  6898 | D:6      | Killed Maggie the worm
  7371 | D:6      | Reached skill level 10 in Maces & Flails
  7615 | D:7      | Noticed Menkaure
  7624 | D:7      | Killed Menkaure
  7625 | D:7      | Reached skill level 1 in Evocations
  7647 | D:7      | Reached skill level 5 in Dodging
  8002 | D:7      | Found a glowing silver altar of Zin.
  8004 | D:7      | Found an ornate altar of the Wu Jian Council.
  8367 | D:7      | Found a white marble altar of Elyvilon.
  8481 | Temple   | Entered the Ecumenical Temple
  8489 | Temple   | Became a worshipper of Cheibriados the Contemplative
  8901 | D:8      | Reached skill level 1 in Invocations
  9017 | D:8      | Noticed Psyche
  9030 | D:8      | Killed Psyche
  9047 | D:8      | Found a sand-covered staircase.
  9052 | Ossuary  | Entered an ossuary
  9262 | Ossuary  | Reached * piety under Cheibriados
  9567 | Ossuary  | Reached ** piety under Cheibriados
  9618 | Ossuary  | Reached skill level 5 in Invocations
  9618 | Ossuary  | Reached XP level 11. HP: 74/74 MP: 11/15
  9993 | D:8      | Noticed Erica
 10011 | D:8      | Killed Erica
 10309 | D:8      | Noticed Maurice
 10320 | D:8      | Paralysed by Maurice for 4 turns
 10325 | D:8      | Noticed Maurice
 10325 | D:8      | Maurice changed into Maurice the acid dragon
 10328 | D:8      | Killed Maurice the acid dragon
 10669 | D:9      | Found a staircase to the Orcish Mines.
 10878 | D:9      | Reached XP level 12. HP: 54/80 MP: 16/16
 11115 | D:9      | Noticed a two-headed ogre
 11117 | D:9      | a two-headed ogre changed into an iguana
 11154 | D:9      | Reached *** piety under Cheibriados
 11363 | D:9      | Noticed an eight-headed hydra
 11370 | D:9      | Killed an eight-headed hydra
 11961 | D:10     | Entered Level 10 of the Dungeon
 11975 | D:10     | Noticed a soul eater
 12764 | D:10     | Found a basalt altar of Yredelemnul.
 12765 | D:10     | Found an opulent altar of Gozag.
 13158 | D:10     | Found a staircase to the Lair.
 13730 | D:11     | Noticed a two-headed ogre
 13742 | D:11     | Killed a two-headed ogre
 13743 | D:11     | Reached skill level 10 in Dodging
 13924 | D:11     | Noticed a two-headed ogre
 13934 | D:11     | Killed a two-headed ogre
 14025 | D:11     | Reached **** piety under Cheibriados
 14750 | D:11     | Reached XP level 13. HP: 79/87 MP: 19/19
 15044 | D:12     | Noticed Urug
 15068 | D:12     | Killed Urug
 15889 | D:12     | Noticed Josephine
 15896 | D:12     | Killed Josephine
 16976 | D:13     | Reached ***** piety under Cheibriados
 18424 | Lair:1   | Entered Level 1 of the Lair of Beasts
 19623 | Lair:2   | Reached skill level 10 in Invocations
 19685 | Lair:2   | Found a staircase to the Swamp.
 20107 | Lair:2   | Gained mutation: Your large and strong wings let you fly.
                  | [Gargoyle growth]
 20107 | Lair:2   | Reached XP level 14. HP: 95/95 MP: 21/21
 20509 | Lair:3   | You are sucked into a shaft and drop 2 floors!
 20897 | Lair:5   | Found a blossoming altar of Fedhas.
 21603 | Lair:4   | Reached ****** piety under Cheibriados
 21864 | Lair:4   | Found a staircase to the Snake Pit.
 23252 | Lair:3   | Learned a level 2 spell: Wereblood
 23704 | Lair:3   | Reached skill level 5 in Armour
 24455 | Lair:5   | Found the +5 glaive of the Guard {elec, spectral, AC+5}
 24664 | Lair:5   | Found a staircase to the Slime Pits.
 24664 | Lair:5   | Found a viscous altar of Jiyva.
 24790 | Lair:6   | Entered Level 6 of the Lair of Beasts
 24851 | Lair:6   | Reached XP level 15. HP: 101/101 MP: 20/23
 24873 | Lair:6   | HP: 1/101 [death yak (17)]
 25185 | Lair:6   | Reached skill level 5 in Shields
 25290 | Lair:6   | Reached skill level 15 in Fighting
 26315 | Lair:6   | Reached skill level 15 in Maces & Flails
 26349 | Lair:6   | Found a runed translucent door.
 26614 | Lair:6   | Reached skill level 1 in Transmutations
 27165 | Lair:6   | Found a burning altar of Makhleb.
 27686 | Orc:1    | Entered Level 1 of the Orcish Mines
 28052 | Orc:1    | Paralysed by an orc sorcerer for 7 turns
 28888 | Orc:2    | Entered Level 2 of the Orcish Mines
 29311 | Orc:2    | Noticed an orc warlord
 29335 | Orc:2    | Killed an orc warlord
 29696 | Orc:2    | Found Nuedot Unar's Book Shoppe.
 29871 | Orc:2    | Found a staircase to the Elven Halls.
 29903 | Orc:2    | Learned a level 5 spell: Borgnjor's Vile Clutch
 30038 | Orc:2    | Found Plog's Antique Armour Shoppe.
 30053 | Orc:2    | Found Hunwahep's General Store.
 30124 | Orc:2    | Found Wugiuch's Antique Weapon Shoppe.
 30411 | D:14     | Reached XP level 16. HP: 107/108 MP: 25/25
 30456 | D:14     | Reached skill level 1 in Necromancy
 30456 | D:14     | Reached skill level 1 in Earth Magic
 31211 | D:14     | Noticed a shadow dragon
 31229 | D:14     | Killed a shadow dragon
 32321 | D:14     | Found a gate to the Vaults.
 33003 | D:14     | Reached skill level 5 in Earth Magic
 33032 | D:14     | Reached skill level 5 in Necromancy
 33375 | D:14     | Reached skill level 1 in Spellcasting
 33622 | D:15     | Entered Level 15 of the Dungeon
 33640 | D:15     | Identified the +0 pair of boots of the Bulwark {rPois}
 33789 | D:15     | Found a staircase to the Depths.
 34293 | D:15     | Noticed Louise
 34331 | D:15     | Cast into level 3 of the Abyss (Louise)
 34331 | Abyss:3  | Found a corrupted altar of Lugonu.
 34608 | Abyss:3  | HP: 2/108 [titan simulacrum (28)]
 34608 | Abyss:3  | Demolished by a titan simulacrum

Illustrated notes

Levels and vault maps discovered:
D:1:      beargit_arrival_diablo_church, layout_basic,
          shapermc_ecumenical_altar_venn
D:2:      layout_loops_ring, basic_altar, hangedman_decor_points
D:3:      layout_loops_corners, mainiacjoe_overflow_chevrons,
          kennysheep_generic_room_6
D:4:      kennysheep_six_static_rooms, layout_loops_ring,
          minmay_temple_entry_mini_moons, gammafunk_ghost_grave,
          portal_sewer_entry_b, minmay_misc_feat_more_columns,
          minmay_manual_moon, uniq_blork_the_orc, uniq_natasha, uniq_pikel,
          uniq_grinder
D:5:      layout_loops_ring, uniq_eustachio
D:6:      layout_loops_cross, palyth_temple_overflow_mages, uniq_maggie
D:7:      layout_cave_pools, nicolae_overflow_hidden_temple, elyvilon_altar_3,
          serial_column_ruins, column_ruins_square_huge, column_ruins_hut,
          column_ruins_open_medium, column_ruins_columns_corner,
          column_ruins_columns_dead_end, column_ruins_grid_2,
          column_ruins_corridor_straight, column_ruins_columns_straight,
          column_ruins_grid_3, grunt_decor_clamped, uniq_menkaure
D:8:      layout_basic, enter_ossuary_2, uniq_psyche, uniq_erica, uniq_maurice
D:9:      layout_irregular_city, minmay_orc_entry_guard_dogs,
          skrybe_limestone_x, hangedman_abyss_or_decor_lesser_grid
D:10:     layout_roguey, mainiacjoe_overflow_divided_tiny, david_lair_shrubbed,
          minmay_misc_feat_tiny
D:11:     layout_grid_maze
D:12:     layout_layer_cave, serial_undead, serial_undead_c, serial_undead_b,
          serial_undead_c, serial_undead_a, uniq_josephine, uniq_urug
D:13:     layout_gridville, gauntlet_entry_generic, special_room
          [special_room_bee]
D:14:     kennysheep_snake, layout_irregular_city, grunt_vaults_entry_tiered,
          nicolae_two_hexagons, corexii_checkpoint_a
D:15:     grunt_enter_depths_magical_seal, layout_cave_pods, uniq_louise
Temple:   dpeg_chambers_temple
Lair:1:   layout_regular_city, dreamdust_gnoll_shepherd
Lair:2:   layout_gridlike, minmay_swamp_entry_reptiles, serial_bayou_shore_a
Lair:3:   layout_hall_layers, evilmike_ambush [evilmike_ambush_outer_corners,
          evilmike_ambush_inner_wall_2]
Lair:4:   layout_cave_pods, guppyfry_snake_entry_island, guppyfry_lair_drakes
Lair:5:   layout_gridlike, slime_altar_1, basic_altar, grunt_megastairs_1
Lair:6:   hangedman_lair_caniforms_friends, layout_long_grid, wormcave,
          serial_rivers, chequers_serial_rivers_large_a,
          chequers_serial_rivers_micro_b, chequers_serial_rivers_small_b,
          chequers_serial_rivers_small_3, chequers_serial_rivers_micro_e,
          chequers_serial_rivers_room_b, basic_altar, infiniplex_staircase_pool
Orc:1:    layout_caves
Orc:2:    grunt_orc_cross, layout_diamond_mine
Abyss:3:  base:
Lair:1

Skill      XL: |  1  2  3  4  5  6  7  8  9 10 11 12 13 14 15 16 |
---------------+-------------------------------------------------+-----
Maces & Flails | 3 4 5 6 8 9 11 12 13 14 15 | 15.3
Fighting       | 4 5 7 8 11 12 13 14 15 | 15.6
Translocations | 1 2 3 4 |  4.6
Armour         | 4 5 7 9 |  9.5
Dodging        | 3 8 10 11 12 | 12.0
Evocations     | 2 |  2.0
Invocations    | 5 6 8 10 11 12 13 | 13.7
Shields        | 4 7 |  7.1
Transmutations | 2 |  2.6
Necromancy     | 5 |  5.8
Earth Magic    | 5 |  5.8
Spellcasting   | 1 |  1.8

Action                   |  1- 3 |  4- 6 |  7- 9 | 10-12 | 13-15 | 16-18 || total
-------------------------+-------+-------+-------+-------+-------+-------++-------
Melee: Flail             |   125 |    87 |   331 |   765 |  1755 |   651 ||  3714
       Mace              |       |    19 |       |       |       |       ||    19
       Unarmed           |       |       |       |     2 |       |       ||     2
 Cast: Blink             |       |       |       |     1 |     7 |     1 ||     9
       Wereblood         |       |       |       |       |    13 |     6 ||    19
Invok: Bend Time         |       |       |       |     3 |     7 |     1 ||    11
       Slouch            |       |       |       |     1 |     6 |     4 ||    11
       Step From Time    |       |       |       |       |     1 |       ||     1
Evoke: Wand              |       |       |       |    15 |    20 |     1 ||    36
  Use: Scroll            |     3 |     8 |     4 |    10 |     9 |     1 ||    35
       Potion            |       |     8 |     1 |     3 |     6 |     3 ||    21
 Stab: Invisible         |       |     4 |       |       |       |       ||     4
       Paralysed         |       |       |       |     3 |       |       ||     3
       Sleeping          |       |       |       |     1 |     2 |     5 ||     8
       Distracted        |       |       |       |       |     2 |     1 ||     3
Armor: Scale mail        |    65 |       |       |       |       |       ||    65
       Ring mail         |       |    47 |   182 |   309 |   428 |   192 ||  1158
       Skin              |       |       |       |       |     2 |       ||     2
Dodge: Dodged            |    72 |    69 |   184 |   591 |  1791 |   562 ||  3269
Block: Buckler           |    26 |    25 |    67 |   164 |   551 |   215 ||  1048
       Reflection        |       |       |       |       |       |     6 ||     6

Table legend: (Time is in decaauts)
 A = Elapsed time spent in this place.
 B = Non-inter-level travel time spent in this place.
 C = Inter-level travel time spent in this place.
 D = Time resting spent in this place.
 E = Time spent auto-exploring this place.
 F = Levels seen in this place.
 G = Mean time per level.
                   A        B        C        D        E       F      G
               +--------+--------+--------+--------+--------+-----+--------+
         Total |  44429 |  42396 |   2033 |   5749 |  29616 |  26 | 1708.8 |
       Dungeon |  27122 |  25792 |   1330 |   3810 |  17933 |  15 | 1808.1 |
        Temple |     18 |      8 |     10 |      0 |      0 |   1 |   18.0 |
          Lair |  13370 |  12851 |    519 |   1229 |   9526 |   6 | 2228.3 |
  Orcish Mines |   2974 |   2802 |    172 |    264 |   1904 |   2 | 1487.0 |
         Abyss |    297 |    297 |      0 |    133 |     72 |   1 |  297.0 |
       Ossuary |    646 |    646 |      0 |    312 |    179 |   1 |  646.0 |
               +--------+--------+--------+--------+--------+-----+--------+

Top non-repeatable levels by time:
    D:14: 4187 daAuts
  Lair:6: 3723 daAuts
    D:12: 2816 daAuts
  Lair:4: 2650 daAuts
     D:9: 2531 daAuts
     D:4: 2393 daAuts
    D:13: 2138 daAuts
    D:11: 2132 daAuts
  Lair:5: 2106 daAuts
  Lair:3: 1832 daAuts
    D:10: 1748 daAuts
   Orc:2: 1714 daAuts
     D:8: 1634 daAuts
  Lair:1: 1587 daAuts
  Lair:2: 1469 daAuts
